 Dungeon Crawl Stone Soup version 0.17.1-2-g5865329 (webtiles) character file.

72 Jobasha the Ducker (level 4, 0/33 HPs)
             Began as a Human Gladiator on Jan 25, 2016.
             Slain by a bat (1 damage)
             ... on level 3 of the Dungeon.
             The game lasted 00:11:04 (2572 turns).

Jobasha the Ducker (Human Gladiator)                Turns: 2572, Time: 00:11:04

Health: 0/33       AC:  4    Str: 16    XL:     4   Next: 48%
Magic:  4/4        EV: 13    Int:  8    God:
Gold:   220        SH:  0    Dex: 14    Spells: 0 memorised, 3 levels left

rFire  . . .     SeeInvis .     a - +0 flail
rCold  . . .     Clarity  .     b - +0 leather armour
rNeg   . . .     SustAt   +     (no shield)
rPois  .         Gourm    .     c - +0 helmet
rElec  .         Spirit   .     (no cloak)
rCorr  .         Warding  .     (no gloves)
rMut   .         Stasis   .     (no boots)
MR     .....                    p - amulet of regeneration
Stlth  +.........               (no ring)
                                y - ring of sustain attributes

@: lethally poisoned (0 -> 0), not resistant to hostile enchantments, very
unstealthy
A: no striking features
a: no special abilities


You were on level 3 of the Dungeon.
You were not hungry.

You visited 1 branch of the dungeon, and saw 3 of its levels.

You collected 220 gold pieces.

Inventory:

Hand Weapons
 a - a +0 flail (weapon)
 s - a +0 hunting sling
Missiles
 t - 21 stones (quivered)
Armour
 b - a +0 leather armour (worn)
 c - a +0 helmet (worn)
 n - a +0 ring mail
 o - a +0 pair of boots
Jewellery
 p - an amulet of regeneration (around neck)
 y - a ring of sustain attributes (left hand)
Scrolls
 g - a scroll of enchant armour {unknown}
 j - 2 scrolls of identify
 q - a scroll of teleportation
 r - a scroll of immolation {unknown}
 u - a scroll of recharging {unknown}
 v - a scroll of noise {unknown}
 x - a scroll of remove curse {unknown}
Potions
 d - a potion of mutation {unknown}
 i - a potion of agility {unknown}
 k - a potion of curing {unknown}
 l - a potion of brilliance
 m - a potion of beneficial mutation {unknown}
Comestibles
 e - 5 bread rations
 h - a meat ration
 z - 2 chunks of flesh


   Skills:
 + Level 2.1 Fighting
 + Level 3.7 Maces & Flails
 + Level 2.1 Throwing
 + Level 1.3 Armour
 + Level 3.8 Dodging
 + Level 0.4 Stealth


You had 3 spell levels left.
You didn't know any spells.

Dungeon Overview and Level Annotations

Branches:
Dungeon (3/15)

Altars:


Message History

You feel sick. The bat hits you.
* * * LOW HITPOINT WARNING * * *
You feel sick. The bat misses you.
You feel sick. The bat closely misses you. The bat barely misses you.
The bat hits you but does no damage.
You feel sick. The bat barely misses you.
You feel sick. The bat barely misses you. The bat hits you.
* * * LOW HITPOINT WARNING * * *
The bat hits you but does no damage.
* * * LOW HITPOINT WARNING * * *
You feel sick. The bat hits you but does no damage.
The bat hits you but does no damage.
* * * LOW HITPOINT WARNING * * *
You feel sick. The bat hits you but does no damage.
The bat hits you but does no damage. The bat barely misses you.
* * * LOW HITPOINT WARNING * * *
You feel sick. The bat barely misses you. The bat hits you.
You die...

### ######### #..
###.......############..
#......@b..o............
#.#.......############..
###.#....)..##### ###
######................
#...##.#..............
###...##.#.)............#
....................#####
.......รท................
....................####


You could see an orc and a bat.

Vanquished Creatures
  An adder (D:2)
  2 oozes
  2 worms
  A giant gecko (D:2)
  3 hobgoblins
  3 bats
  3 giant cockroaches (D:2)
  6 giant newts
  6 goblins
  4 jackals (D:2)
  8 kobolds
  2 quokkas
  9 rats
50 creatures vanquished.

Notes
Turn   | Place    | Note
--------------------------------------------------------------
     0 | D:1      | Jobasha the Human Gladiator began the quest for the Orb.
     0 | D:1      | Reached XP level 1. HP: 16/16 MP: 1/1
   347 | D:1      | Reached XP level 2. HP: 20/22 MP: 2/2
  1117 | D:2      | Reached XP level 3. HP: 27/27 MP: 3/3
  1310 | D:2      | Reached skill level 1 in Armour
  1630 | D:2      | Reached XP level 4. HP: 26/33 MP: 4/4
  2566 | D:3      | HP: 1/33 [bat (1)]
  2571 | D:3      | HP: 1/33 [poisoned by an orc]
  2572 | D:3      | Slain by a bat

Action                   |  1- 3 |  4- 6 || total
-------------------------+-------+-------++-------
Melee: Flail             |   125 |    62 ||   187
Throw: Throwing net      |     5 |     4 ||     9
  Use: Scroll            |     2 |     2 ||     4
       Potion            |     2 |     1 ||     3
  Eat: Chunk             |     2 |     1 ||     3
       Bread ration      |       |     1 ||     1
